 Dungeon Crawl Stone Soup version 0.17-a0-1805-g6093636 (webtiles) character file.

65 wvc the Insei (level 4, -1/28 HPs)
             Began as an Octopode Transmuter on Sept 12, 2015.
             Killed by divine providence
             ... invoked by an orc priest
              (10 damage)
             ... on level 3 of the Dungeon.
             The game lasted 00:04:20 (1560 turns).

wvc the Insei (Octopode Transmuter)                 Turns: 1560, Time: 00:04:20

Health: -1/28      AC:  1    Str:  9    XL:     4   Next: 13%
Magic:  6/8        EV: 12    Int: 16    God:
Gold:   153        SH:  0    Dex: 12    Spells: 2 memorised, 4 levels left

rFire  . . .     SeeInvis .       - Unarmed
rCold  . . .     Clarity  .     (no shield)
rNeg   . . .     SustAt   .     (helmet restricted)
rPois  .         Gourm    .     (no amulet)
rElec  .         Spirit   .     f - ring of loudness (curse)
rCorr  .         Warding  .     (no ring)
rMut   .         Stasis   .     (no ring)
MR     .....                    (no ring)
Stlth  +.........               (no ring)
                                (no ring)
                                (no ring)
                                (no ring)

@: not resistant to hostile enchantments, very unstealthy
A: almost no armour, amphibious, 8 rings, constrict 8, camouflage 1, gelatinous
body 1
a: no special abilities


You were on level 3 of the Dungeon.
You were hungry.

You visited 1 branch of the dungeon, and saw 3 of its levels.

You collected 153 gold pieces.

Inventory:

Missiles
 a - 38 arrows
Jewellery
 f - a cursed ring of loudness (left tentacle)
 m - an uncursed ring of teleportation
Magical devices
 p - a wand of fire (5)
Scrolls
 i - a scroll of amnesia
 o - 2 scrolls of remove curse
Potions
 d - 2 potions of resistance
 e - a potion of magic
 g - 3 potions of haste
 h - a potion of curing
 k - a potion of cancellation {unknown}
 l - a potion of lignification {unknown}
Books
 b - a book of Changes

   Spells                             Type                      Level
   a - Beastly Appendage              Transmutation                1
   b - Sticks to Snakes               Transmutation                2
   c - Spider Form                    Transmutation/Poison         3
   d - Ice Form                       Ice/Transmutation            4
   e - Blade Hands                    Transmutation                5
Comestibles
 c - 2 bread rations
 j - a slice of pizza
 n - a chunk of flesh


   Skills:
 - Level 1.0 Fighting
 - Level 2.0 Dodging
 - Level 3.0 Unarmed Combat
 - Level 2.7 Spellcasting
 - Level 3.0 Transmutations
 * Level 2.2 Poison Magic


You had 4 spell levels left.
You knew the following spells:

 Your Spells              Type           Power        Failure   Level  Hunger
a - Beastly Appendage     Trmt           ##....       8%          1    #......
b - Spider Form           Trmt/Pois      ##........   21%         3    ###....


Dungeon Overview and Level Annotations

Branches:
Dungeon (3/15)

Altars:
Elyvilon


Innate Abilities, Weirdness & Mutations

You cannot wear most types of armour.
You are amphibious.
You can wear up to eight rings at the same time.
You can use your tentacles to constrict eight enemies at once.
Your skin changes colour to match your surroundings (Stealth).
Your rubbery body absorbs attacks (AC +1).


Message History

You tentacle-slap the jackal. Your grab misses the jackal.
You squeeze the jackal.
You kill the jackal!
The orc throws a stone.
The stone closely misses you. The kobold misses you.
The orc throws a stone.
The stone hits you but does no damage.
The orc priest invokes the aid of Beogh against you.
Something smites you!
* * * LOW HITPOINT WARNING * * *
Items here: ( ) [ † a stone; a mace of protection; a chain mail; an orc corpse The orc throws a stone.
The stone closely misses you.
You see here a jackal corpse.
You see here a mace.
Read which item? (? for menu, Esc to quit)
Okay, then.
You see here a dagger.
The orc priest invokes the aid of Beogh against you.
Something smites you!
You die...

........###..........P ≈≈ #...
..................####♣≈♣ #...
......................<≈♣♣ #...
........#......###.....#.#####...
.................................
..........####...........###.....
.........#####...........###.##..
.............###......#......##..
.##.#......#.###@..###.....####..
......#........)............###..
.....##.#o###.K.......)...#.##...
............#....##########.##.#.
##...##()##.o...............>....
#......†###.##.###........#.....
#.....#(#........ #......#.....
##.#..#o.......#.. #......#.....
#....#.........##.#).....#.....


You could see an orc priest, an orc and a kobold.

Vanquished Creatures
  An adder (D:3)
  An ooze (D:2)
  2 orcs (D:3)
  4 bats
  2 giant cockroaches (D:1)
  8 hobgoblins
  2 jackals (D:3)
  4 kobolds
  2 quokkas (D:3)
  6 giant newts
  3 goblins
  15 rats
50 creatures vanquished.

Notes
Turn   | Place    | Note
--------------------------------------------------------------
     0 | D:1      | wvc the Octopode Transmuter began the quest for the Orb.
     0 | D:1      | Reached XP level 1. HP: 13/13 MP: 3/3
   275 | D:1      | Reached XP level 2. HP: 18/18 MP: 1/5
   912 | D:2      | Reached XP level 3. HP: 23/23 MP: 6/6
   917 | D:2      | Learned a level 3 spell: Spider Form
  1067 | D:2      | Found a white marble altar of Elyvilon.
  1408 | D:3      | Reached skill level 1 in Poison Magic
  1540 | D:3      | Reached XP level 4. HP: 25/28 MP: 4/8
  1560 | D:3      | Killed from afar by an orc priest

Vault maps used:
D:1:      lemuel_arrival_lava_pool, nrook_mini_vaults
D:2:      elyvilon_altar_3, minmay_misc_feat_rows
D:3:      serial_bayou_lake_a

Action                   |  1- 3 |  4- 6 || total
-------------------------+-------+-------++-------
Melee: Unarmed           |    92 |     7 ||    99
 Cast: Beastly Appendage |    21 |       ||    21
       Spider Form       |     2 |       ||     2
  Use: Scroll            |    12 |       ||    12
 Stab: Sleeping          |     8 |       ||     8
       Distracted        |     1 |       ||     1
  Eat: Chunk             |     2 |       ||     2
